 Dungeon Crawl Stone Soup version 0.17-a0-1939-ga475588 (webtiles) character file.

9973 mcbry74 the Brawler (level 11, 0/97 HPs)
             Began as a Troll Monk on Sept 29, 2015.
             Slain by George's ghost (11 damage)
             ... on level 11 of the Dungeon.
             The game lasted 01:13:18 (9381 turns).

mcbry74 the Brawler (Troll Monk)                    Turns: 9381, Time: 01:13:18

Health: 0/97       AC: 13    Str: 21    XL:     11   Next: 30%
Magic:  20/20      EV: 10    Int: 13    God:    Xom [..*...]
Gold:   3087       SH:  0    Dex: 13    Spells: 0 memorised, 10 levels left

rFire  . . .     SeeInvis .     k - +5 halberd "Bierulene" {chop, *Rage +Inv Int+2}
rCold  . . .     Clarity  +     o - +0 robe of Heresy {+Fly rElec}
rNeg   . . .     SustAt   .     (no shield)
rPois  .         Gourm    +     R - +3 hat of Pondering {ponderous, MR+ MP+10 Int+5}
rElec  +         Spirit   .     q - +2 cloak
rCorr  .         Warding  .     (gloves unavailable)
rMut   .         Rnd*Tele +     (boots unavailable)
MR     +....                    l - amulet of clarity
Stlth  +.........               i - +5 ring of evasion
                                Z - +3 ring of slaying

@: heavily drained, slow, somewhat resistant to hostile enchantments, very
unstealthy
A: unfitting armour, claws 3, fangs 1, slimy green scales 1, berserk 1, clarity,
dopey 1, fast metabolism 3, gourmand, regeneration 2, shaggy fur 1, teleportitis
1, tough skin 2
a: Renounce Religion, Evoke Invisibility, Evoke Flight


You were on level 11 of the Dungeon.
You worshipped Xom.
You were a toy of Xom.
You were not hungry.

You visited 2 branches of the dungeon, and saw 12 of its levels.
You also visited: Bailey.

You collected 3087 gold pieces.

Inventory:

Hand weapons
 k - the +5 halberd "Bierulene" (weapon) {chop, *Rage +Inv Int+2}
   (You found it on level 7 of the Dungeon)

   It inflicts extra damage upon your enemies.
   It affects your intelligence (+2).
   It lets you turn invisible.
   It may make you go berserk in combat.
Missiles
 t - 14 javelins
 J - 43 tomahawks of returning (quivered)
 U - 13 tomahawks
Armour
 o - the +0 robe of Heresy (worn) {+Fly rElec}
   (You found it on level 4 of the Dungeon)

   It insulates you from electricity.
   It lets you fly.
 q - a +2 cloak (worn)
 R - the +3 hat of Pondering (worn) {ponderous, MR+ MP+10 Int+5}
   (You took it off Gastronok on level 11 of the Dungeon)

   It affects your intelligence (+5).
   It affects your resistance to hostile enchantments.
   It affects your magic capacity (+10).
Jewellery
 g - an uncursed ring of positive energy
 h - an uncursed ring of poison resistance
 i - a +5 ring of evasion (right claw)
 l - an amulet of clarity (around neck)
 K - an uncursed ring of protection from cold
 M - an uncursed ring of protection from cold
 X - an uncursed ring of protection from cold
 Z - a +3 ring of slaying (left claw)
Magical devices
 d - a wand of heal wounds (0)
 e - a wand of enslavement (12)
 s - a wand of digging (5)
 w - a wand of digging (17)
 y - a wand of frost (26)
 D - a wand of paralysis (15)
 E - a wand of lightning (2)
 G - a wand of digging (16)
 H - a wand of polymorph (6)
 L - a wand of draining (1)
 N - a wand of lightning (9)
 T - a wand of fire (9)
 Y - a wand of confusion (23)
Scrolls
 c - 2 scrolls of enchant weapon
 j - 2 scrolls of blinking
 m - 6 scrolls of remove curse
 p - 3 scrolls of teleportation
 v - a scroll of identify
 V - 2 scrolls of recharging {unknown}
Potions
 f - a potion of cancellation
 r - 2 potions of lignification
 u - a potion of experience {unknown}
 A - a potion of ambrosia {unknown}
 B - 2 potions of curing
 C - a potion of berserk rage {unknown}
 P - a potion of haste {unknown}
 W - a potion of magic {unknown}
Books
 a - a book of Conjurations

   Spells                             Type                      Level
   a - Magic Dart                     Conjuration                  1
   b - Searing Ray                    Conjuration                  2
   c - Dazzling Spray                 Conjuration/Hexes            3
   d - Fulminant Prism                Conjuration/Hexes            4
   e - Iskenderun's Mystic Blast      Conjuration                  4
   f - Iskenderun's Battlesphere      Conjuration/Charms           5
 F - Xom's Incunabulum of the Stag
   (Xom gifted it to you on level 6 of the Dungeon)

   Spells                             Type                      Level
   a - Ensorcelled Hibernation        Hexes/Ice                    2
   b - Spectral Weapon                Hexes/Charms                 3
   c - Metabolic Englaciation         Hexes/Ice                    5
 I - a book of Cantrips

   Spells                             Type                      Level
   a - Corona                         Hexes                        1
   b - Animate Skeleton               Necromancy                   1
   c - Summon Small Mammal            Summoning                    1
   d - Apportation                    Translocation                1
 O - an Akashic Record

   Spells                             Type                      Level
   a - Dispersal                      Translocation                6
   b - Controlled Blink               Translocation                7
   c - Malign Gateway                 Summoning/Translocation      7
   d - Disjunction                    Translocation                8
Miscellaneous
 S - a plain deck of wonders
Comestibles
 b - 2 bread rations
 n - 2 slices of pizza
 x - 3 meat rations
 z - a royal jelly
 Q - a fruit


   Skills:
 - Level 3.0(1.8) Fighting
 + Level 6.7(5.3) Throwing
 - Level 3.1(1.8) Dodging
 - Level 1.1(0.0) Stealth
 * Level 15.4(13.6) Unarmed Combat
 + Level 1.0(0.0) Evocations


You had 10 spell levels left.
You didn't know any spells.

Dungeon Overview and Level Annotations

Branches:
Dungeon (11/15)            Temple (1/1) D:6            Lair (0/8) D:8
    Orc: D:9-12

Altars:
Ashenzari
Cheibriados
Dithmenos
Elyvilon
Fedhas
Gozag
Kikubaaqudgha
Makhleb
Nemelex Xobeh
Okawaru
Qazlal
Ru
Sif Muna
Trog
Vehumet
Xom
Yredelemnul
Zin
The Shining One

Annotations:
D:11 George's ghost, powerful HOGl


Innate Abilities, Weirdness & Mutations

You are too large for most types of armour.
You have claws for hands.
Your metabolism is lightning-fast.
You like to eat raw meat.
You heal very quickly.
You are covered in fur (AC +1).
You have very tough skin (AC +2).
You have very sharp teeth.
You are partially covered in slimy green scales (AC +2).
You tend to lose your temper in combat.
You possess an exceptional clarity of mind.
You are dopey. (Int -2)
You are occasionally teleported to nearby monsters.


Message History

You start resting.
HP restored.
k - the +5 halberd "Bierulene" (weapon)
{chop, *Rage +Inv Int+2} Use which ability?
Okay, then.
Drink which item? (? for menu, Esc to quit)
It was a potion of curing.
You feel better.
You climb downwards.
Level annotation: George's ghost, powerful HOGl George's ghost hits you!!
George's ghost burns you!
There is a stone staircase leading up, spattered with blood here.
You barely miss George's ghost. George's ghost hits you!!
George's ghost burns you.
George's ghost says very slowly, "There's no hope."
George's ghost closely misses you. George's ghost hits you!!
* * * LOW HITPOINT WARNING * * *
George's ghost burns you!
You die...
Xom giggles madly!

.######.#######.## #.#
#.# #.#######.#
#.........# #####
#.######### ...# #.#
#..# ##.## #..#
#...######
####.@###........# #
#....W.?)...####......
#.##..###...## ##. #
#..##.....# #.
....###.g.## #. .#####
##.## #. .. #W# #. #
#.# ##. ##'## #..


You could see George's ghost.

Vanquished Creatures
  Gastronok (D:11)
  Erica (D:8)
  A hill giant (D:10)
  An unseen horror (D:10)
  An elephant (D:8)
  A centaur zombie (D:10)
  Joseph (D:8)
  A troll (D:10)
  2 wyverns
  A yak (D:8)
  A hippogriff (D:9)
  Menkaure (D:7)
  A warg (D:6)
  A sky beast (D:10)
  6 orc warriors
  5 ogres
  2 crocodiles (D:8)
  4 ice beasts
  4 phantoms
  2 centaurs
  2 big kobolds
  6 giant frogs
  5 jellies
  2 scorpions
  6 killer bees (D:9)
  A water moccasin skeleton (D:11)
  4 crimson imps
  The ghost of asdu the Chiller, a weakling OpIE (D:3)
  2 giant frog zombies
  6 orc wizards
  5 orc priests
  2 centaur skeletons
  5 hounds
  A giant frog skeleton (D:5)
  3 iguanas
  5 worker ants
  Natasha (thrice) (D:2)
  A hound zombie (D:7)
  2 hound skeletons
  16 adders
  8 gnolls
  A river rat (shapeshifter) (D:8)
  3 shadow imps
  An ooze (D:2)
  2 adder skeletons
  A worm (D:3)
  9 giant geckos
  39 orcs
  4 bats
  5 giant cockroaches
  13 hobgoblins
  17 jackals
  24 kobolds
  2 giant gecko skeletons (D:5)
  6 giant newts
  13 goblins
  3 quokkas
  A quokka skeleton (D:5)
  5 rats
273 creatures vanquished.

Vanquished Creatures (collateral kills)
  An orc warrior (Bailey)
  2 kobolds (Bailey)
3 creatures vanquished.

Vanquished Creatures (others)
  An orc wizard (D:8)
  An adder (D:8)
  An orc (D:8)
  A plant (D:1)
4 creatures vanquished.

Grand Total: 280 creatures vanquished

Notes
Turn   | Place    | Note
--------------------------------------------------------------
     0 | D:1      | mcbry74 the Troll Monk began the quest for the Orb.
     0 | D:1      | Reached XP level 1. HP: 22/22 MP: 0/0
   289 | D:1      | Reached XP level 2. HP: 29/29 MP: 1/1
   916 | D:2      | Reached XP level 3. HP: 27/36 MP: 2/2
  1006 | D:2      | Noticed Natasha
  1021 | D:2      | Killed Natasha
  1021 | D:2      | Reached skill level 5 in Unarmed Combat
  1075 | D:2      | Reached XP level 4. HP: 44/44 MP: 3/3
  1196 | D:2      | Noticed Natasha
  1199 | D:2      | Killed Natasha
  1207 | D:2      | Noticed Natasha
  1216 | D:2      | Killed Natasha
  1546 | D:3      | Reached XP level 5. HP: 48/52 MP: 4/4
  1583 | D:3      | Noticed asdu's ghost (weakling OpIE)
  1586 | D:3      | Killed asdu's ghost
  1586 | D:3      | Reached skill level 6 in Unarmed Combat
  1774 | D:3      | Found a shimmering altar of Xom.
  1931 | D:3      | Found a basalt altar of Yredelemnul.
  2066 | D:3      | Gained mutation: You have very sharp teeth. [potion of beneficial mutation]
  2070 | D:3      | Gained mutation: You possess an exceptional clarity of mind. [potion of mutation]
  2070 | D:3      | Gained mutation: You are occasionally teleported to nearby monsters. [potion of mutation]
  2070 | D:3      | Gained mutation: You tend to lose your temper in combat. [potion of mutation]
  2071 | D:3      | Gained mutation: You are dopey. (Int -2) [potion of mutation]
  2071 | D:3      | Gained mutation: You are partially covered in slimy green scales (AC +2). [potion of mutation]
  2095 | D:3      | Became a worshipper of Xom the Begetter of Discontinuities
  2236 | D:3      | Reached XP level 6. HP: 61/61 MP: 5/5
  2261 | D:3      | XOM: divination: detect creatures
  2347 | D:4      | Got an opalescent robe
  2358 | D:4      | Identified the cursed +0 robe of Heresy {+Fly rElec} (You found it on level 4 of the Dungeon)
  2470 | D:4      | XOM: harmless Erth miscast
  2592 | D:4      | Found a burning altar of Makhleb.
  2659 | D:4      | XOM: divination: magic mapping
  3084 | D:4      | Reached skill level 7 in Unarmed Combat
  3204 | D:5      | Entered Level 5 of the Dungeon
  3430 | D:5      | XOM: harmless Ice miscast
  3431 | D:5      | XOM: potion effect (berserk rage)
  3445 | D:5      | XOM: potion effect (brilliance)
  3448 | D:5      | Reached skill level 8 in Unarmed Combat
  3448 | D:5      | Reached XP level 7. HP: 67/67 MP: 6/6
  3471 | D:5      | XOM: divination: magic mapping
  3709 | D:5      | Reached skill level 1 in Throwing
  3792 | D:5      | XOM: repel stairs
  3905 | D:5      | XOM: severe Fire miscast
  3918 | D:5      | XOM: polymorph adder -> jackal
  3942 | D:5      | Reached skill level 9 in Unarmed Combat
  4085 | D:5      | XOM is BORED!
  4085 | D:5      | XOM: mild Tloc miscast
  4092 | D:5      | XOM: noise
  4177 | D:6      | XOM: scenery: 1 doors open
  4399 | D:6      | XOM: god gift: graven book {god gift}
  4400 | D:6      | Identified Xom's Incunabulum of the Stag (Xom gifted it to you on level 6 of the Dungeon)
  4452 | D:6      | Found a staircase to the Ecumenical Temple.
  4459 | D:6      | XOM: potion effect (brilliance)
  4460 | D:6      | XOM: god gift: 1720 gold pieces
  4464 | D:6      | XOM: polymorph ice beast -> warg
  4475 | D:6      | Reached XP level 8. HP: 55/75 MP: 7/7
  4496 | Temple   | Entered the Ecumenical Temple
  4825 | D:6      | XOM: scenery: create altars
  4862 | D:6      | XOM: harmless Hex miscast
  4998 | D:6      | XOM: enchant monster (bad)
  5001 | D:6      | XOM: blink monster(s)
  5121 | D:6      | XOM: colour smoke trail
  5142 | D:6      | XOM: medium Necr miscast
  5149 | D:6      | XOM: blink monster(s)
  5199 | D:6      | XOM: noise
  5221 | D:6      | XOM: harmless Pois miscast
  5357 | D:7      | Reached skill level 10 in Unarmed Combat
  5369 | D:7      | Got an ancient halberd
  5370 | D:7      | Identified the +5 halberd "Bierulene" {chop, *Rage +Inv Int+2} (You found it on level 7 of the Dungeon)
  5431 | D:7      | Noticed Prince Ribbit
  5434 | D:7      | XOM: 1-stop teleportation journey
  5642 | D:7      | XOM: cast spell 'Call Canine Familiar'
  5647 | D:7      | Reached skill level 11 in Unarmed Combat
  5806 | D:7      | Noticed Prince Ribbit
  5806 | D:7      | Prince Ribbit changed into Prince Ribbit the big kobold
  5806 | D:7      | XOM: polymorph Prince Ribbit -> Prince Ribbit the big kobold
  5815 | D:7      | Killed Prince Ribbit the big kobold
  5818 | D:7      | XOM: god gift: glaive {god gift}
  5845 | D:7      | Noticed Menkaure
  5847 | D:7      | Got a jewelled dagger
  5850 | D:7      | Killed Menkaure
  5850 | D:7      | Reached XP level 9. HP: 59/81 MP: 8/8
  5851 | D:7      | Identified the +6 dagger "Nuruboimn" {flame, rF++ Str-3} (You found it on level 7 of the Dungeon)
  5854 | D:7      | Found a sparkling altar of Nemelex Xobeh.
  6000 | D:8      | XOM: harmless Pois miscast
  6018 | D:8      | XOM: polymorph giant gecko -> river rat
  6020 | D:8      | XOM: silly message
  6035 | D:8      | XOM: noise
  6104 | D:8      | XOM: silly message
  6169 | D:8      | Noticed an elephant
  6171 | D:8      | Noticed Joseph
  6179 | D:8      | XOM: potion effect (might)
  6185 | D:8      | Reached skill level 12 in Unarmed Combat
  6194 | D:8      | Killed an elephant
  6203 | D:8      | Killed Joseph
  6279 | D:8      | Found a staircase to the Lair.
  6311 | D:8      | Noticed Erica
  6325 | D:8      | Killed Erica
  6325 | D:8      | Reached skill level 13 in Unarmed Combat
  6325 | D:8      | Reached XP level 10. HP: 89/91 MP: 9/9
  6375 | D:8      | XOM: cast spell 'Ice Form'
  6669 | D:9      | XOM: confuse monster(s)
  6996 | D:9      | Reached skill level 5 in Throwing
  7004 | D:9      | XOM: noise
  7079 | D:9      | XOM: harmless Pois miscast
  7131 | D:9      | Found a shattered altar of Ashenzari.
  7134 | D:9      | Found a blossoming altar of Fedhas.
  7137 | D:9      | Found a glowing silver altar of Zin.
  7311 | D:10     | Entered Level 10 of the Dungeon
  7329 | D:10     | XOM: enchant monster (good)
  7334 | D:10     | XOM: medium Fire miscast
  7552 | D:10     | XOM: mild Air miscast
  7797 | D:10     | XOM: scenery: 2 doors open, 1 doors close
  7831 | D:10     | Noticed a hill giant
  7837 | D:10     | XOM: fog
  7842 | D:10     | Killed a hill giant
  7842 | D:10     | Reached skill level 14 in Unarmed Combat
  7874 | D:10     | XOM: confuse monster(s)
  7877 | D:10     | XOM: confuse monster(s)
  8254 | D:10     | Killed an unseen horror
  8518 | D:11     | Reached XP level 11. HP: 97/97 MP: 10/10
  8630 | D:11     | XOM: harmless Ice miscast
  8647 | D:11     | Noticed Gastronok
  8649 | D:11     | XOM: potion effect (invisibility)
  8650 | D:11     | XOM: confuse monster(s)
  8656 | D:11     | XOM: noise
  8667 | D:11     | XOM: enchant monster (bad)
  8672 | D:11     | Killed Gastronok
  8672 | D:11     | Reached skill level 15 in Unarmed Combat
  8672 | D:11     | Reached skill level 1 in Evocations
  8794 | D:11     | Found a flagged portal.
  8822 | Bailey   | Entered a bailey
  8889 | Bailey   | XOM: confuse monster(s)
  8943 | Bailey   | XOM: 2-stop teleportation journey
  9012 | Bailey   | Found a bloodstained altar of Trog.
  9095 | D:11     | XOM: polymorph orc -> jelly
  9210 | D:11     | Noticed George's ghost (powerful HOGl)
  9287 | D:11     | XOM: harmless Trmt miscast
  9299 | D:11     | XOM: potion effect (haste)
  9381 | D:11     | Slain by George's ghost

Vault maps used:
D:1:      dpeg_arrival_arbitrary_c, serial_forest, infiniplex_forest_clump_long,
          infiniplex_forest_clump_tiny, infiniplex_forest_lined_room_2,
          infiniplex_forest_clump_large, infiniplex_forest_clump_C
D:2:      uniq_natasha
D:3:      lemuel_crystal_altar, lemuel_coloured_pillars_altar,
          grunt_ministairs_11
D:4:      corexii_shack_village, kennysheep_mini_moat, first_bread
D:6:      minmay_temple_entry_large_hall
D:7:      nemelex_altar_shiori, uniq_prince_ribbit1, uniq_menkaure
D:8:      david_lair_generic, uniq_erica, uniq_joseph
D:9:      grunt_temple_overflow_diamond
D:11:     lightli_bailey_entry_fortress, hangedman_pestilent_swarm,
          uniq_gastronok
Temple:   dpeg_five_rooms_temple_12
Bailey:   bailey_axe_3, bailey

Action                   |  1- 3 |  4- 6 |  7- 9 | 10-12 || total
-------------------------+-------+-------+-------+-------++-------
Melee: Unarmed           |    80 |   202 |   223 |   249 ||   754
       Halberd           |       |       |       |     1 ||     1
Throw: Stone             |       |     7 |       |       ||     7
       Javelin           |       |    11 |       |     4 ||    15
       Tomahawk          |       |     4 |    32 |    41 ||    77
 Abil: Evoke Flight      |       |       |       |     3 ||     3
Evoke: Wand              |       |       |     2 |     2 ||     4
  Use: Scroll            |       |     9 |     7 |     3 ||    19
       Potion            |       |     7 |     2 |     2 ||    11
 Stab: Sleeping          |     2 |     1 |     1 |     2 ||     6
  Eat: Chunk             |    11 |    21 |    13 |    17 ||    62
       Bread ration      |       |       |     2 |     3 ||     5
       Royal jelly       |       |       |     1 |       ||     1
       Beef jerky        |       |       |     1 |       ||     1
